 Dungeon Crawl Stone Soup version 0.27-b1-23-g44b8eac545 (webtiles) character file.

Game seed: 1992765124245859941

725 oldmanjim the Chopper (level 7, -7/90 HPs)
             Began as a Gnoll Berserker on July 27, 2021.
             Was a Priest of Trog.
             Blown up by an orc warrior (13 damage)
             ... with a mindburst bolt
             ... on level 5 of the Dungeon.
             The game lasted 00:19:45 (3205 turns).

oldmanjim the Chopper (Gnoll Berserker)             Turns: 3205, Time: 00:19:46

Health: -7/90      AC:  7    Str: 16    XL:     7   Next: 72%
Magic:  10/11      EV: 12    Int:  8    God:    Trog [***...]
Gold:   202        SH:  0    Dex: 12    Spells: 11/11 levels left

rFire    . . .     SeeInvis .   a - +0 hand axe
rCold    . . .     Faith    .   (no shield)
rNeg     . . .     Spirit   .   p - +0 ring mail
rPois    .         Reflect  .   (no helmet)
rElec    .         Harm     .   (no cloak)
rCorr    .         Rampage  .   (no gloves)
Will     .....                  i - +0 pair of boots
Stlth    ..........             k - amulet of regeneration
HPRegen  1.25/turn              (no ring)
MPRegen  0.12/turn              (no ring)

@: berserking (expiring), very quick
A: fangs 1, strong nose, distributed training
a: Renounce Religion, Berserk, Trog's Hand


You were on level 5 of the Dungeon.
You worshipped Trog.
Trog was most pleased with you.
You visited 1 branch of the dungeon, and saw 5 of its levels.

You collected 202 gold pieces.

Inventory:

Hand Weapons
 a - a +0 hand axe (weapon)
 b - a +0 hunting sling
 d - a +0 arbalest
Missiles
 e - 44 stones (quivered)
 n - 5 javelins
 q - 59 bolts
 v - 23 sling bullets
 y - 23 arrows
Armour
 i - a +0 pair of boots (worn)
 p - a +0 ring mail (worn)
Jewellery
 k - an amulet of regeneration (around neck)
 x - a ring of fire
Wands
 z - a wand of paralysis (5)
Scrolls
 c - 2 scrolls of immolation {unknown}
 h - 7 scrolls of identify {unknown}
 l - 2 scrolls of magic mapping {unknown}
 o - 2 scrolls of teleportation {unknown}
 s - a scroll of brand weapon {unknown}
 u - 4 scrolls of fog {unknown}
 A - a scroll of enchant weapon {unknown}
Potions
 f - a potion of lignification {unknown}
 g - a potion of might {unknown}
 j - a potion of curing {unknown}
 m - 2 potions of flight {unknown}
 r - a potion of magic {unknown}
 t - a potion of cancellation {unknown}
 w - a potion of heal wounds {unknown}
 B - a potion of degeneration {unknown}
 C - a potion of brilliance {unknown}


   Skills:
 + Level 7.1 Fighting
 + Level 2.6 Short Blades
 + Level 2.6 Long Blades
 + Level 7.1 Axes
 + Level 2.6 Maces & Flails
 + Level 2.6 Polearms
 + Level 2.6 Staves
 + Level 2.6 Slings
 + Level 2.6 Bows
 + Level 2.6 Crossbows
 + Level 2.6 Throwing
 + Level 5.3 Armour
 + Level 5.3 Dodging
 + Level 2.6 Stealth
 + Level 2.6 Shields
 + Level 2.6 Unarmed Combat
 + Level 2.6 Spellcasting
 + Level 2.1 Conjurations
 + Level 2.1 Hexes
 + Level 2.1 Summonings
 + Level 2.1 Necromancy
 + Level 2.1 Translocations
 + Level 2.1 Transmutations
 + Level 2.1 Fire Magic
 + Level 2.1 Ice Magic
 + Level 2.1 Air Magic
 + Level 2.1 Earth Magic
 + Level 2.1 Poison Magic
 + Level 3.0 Invocations
 + Level 2.6 Evocations


You had 11 spell levels left.
You didn't know any spells.
Your spell library contained the following spells:

 Spells                   Type           Power      Damage    Failure   Level
 Blink                    Tloc           N/A        N/A       36%         2
 Lesser Beckoning         Tloc           2%         N/A       58%         3
 Summon Guardian Golem    Hex/Summ       4%         N/A       58%         3
 Manifold Assault         Tloc           4%         N/A       100%        5
 Orb of Destruction       Conj           2%         9d1       100%        7
 Spellforged Servitor     Conj/Summ      2%         N/A       100%        7


Dungeon Overview and Level Annotations

Branches:
Dungeon (5/15)             Temple (0/1) D:5

Altars:

Annotations:
D:5 1 runed translucent door, exclusion: door, Crazy Yiuf


Innate Abilities, Weirdness & Mutations

You have very sharp teeth.
Your uncanny sense of smell can sniff out nearby items.
Your experience applies equally to all skills.


Message History

The black bear bites you!
The black bear claws you but does no damage.
The black bear closely misses you.
You hear a shout! x2
You are too injured to fight recklessly!
You are too injured to fight recklessly!
You are too injured to fight recklessly!
You slash the black bear!
You kill the black bear!
Trog accepts your kill.
Your Invocations skill increases to level 3!
You slash the dart slug!
You kill the dart slug!
Trog accepts your kill.
Things that are here:
a dart slug corpse; a black bear corpse You feel a strong urge to attack something.
The worm bites you but does no damage.
You slash the worm!
The worm is severely wounded.
You hit the worm.
The worm is almost dead.
The worm bites you but does no damage.
You hit the worm.
You kill the worm!
Trog accepts your kill. The orc warrior misses you.
You see here a stone.
You closely miss the orc warrior.
The orc warrior zaps a wand.
You struggle to resist.
You slash the orc warrior!
The orc warrior is heavily wounded.
You hit the orc warrior.
The orc warrior is severely wounded.
The orc warrior zaps a wand.
Your mind is blasted!
* * * LOW HITPOINT WARNING * * *
You hit the orc warrior but do no damage.
The orc warrior is severely wounded.
The orc warrior zaps a wand.
Your mind is blasted!
You die...

##..#.. ..#
#...... ..####
#...... ..#..#
....((. .....#
.......∆.....
#..... ...#
#.....#o..# .#
#(@# ... ###.#
... #..#.#†#
.....∆ .#<...>.#
.....
........#####
....
.##......#..##..#
####..........#
#.##.....###
####.....###


You could see an orc warrior.

Vanquished Creatures
  A black bear (D:5)
  A necrophage (D:4)
  2 phantoms (D:4)
  A scorpion (D:3)
  An orc priest (D:4)
  A centaur skeleton (D:3)
  A hound (D:4)
  An orc wizard (D:4)
  7 gnolls
  8 adders
  3 worms
  3 dart slugs
  8 orcs
  3 ball pythons
  5 endoplasms
  5 giant cockroaches
  6 hobgoblins
  8 jackals (D:1)
  2 quokkas
  3 bats
  6 frilled lizards
  4 goblins
  4 kobolds
  4 rats
88 creatures vanquished.

Notes
Turn   | Place    | Note
-------+----------+-------------------------------------------
     0 | D:1      | oldmanjim the Gnoll Berserker began the quest for the Orb.
     0 | D:1      | Reached XP level 1. HP: 23/23 MP: 1/1
   357 | D:1      | Reached XP level 2. HP: 29/29 MP: 2/2
   511 | D:1      | Found a faded altar of an unknown god.
   623 | D:1      | Reached XP level 3. HP: 35/35 MP: 3/3
   642 | D:1      | Reached ** piety under Trog
   907 | D:2      | Reached skill level 1 in Invocations
  1009 | D:2      | Reached skill level 1 in Short Blades
  1009 | D:2      | Reached skill level 1 in Long Blades
  1009 | D:2      | Reached skill level 1 in Maces & Flails
  1009 | D:2      | Reached skill level 1 in Polearms
  1009 | D:2      | Reached skill level 1 in Staves
  1009 | D:2      | Reached skill level 1 in Slings
  1009 | D:2      | Reached skill level 1 in Bows
  1009 | D:2      | Reached skill level 1 in Crossbows
  1009 | D:2      | Reached skill level 1 in Throwing
  1009 | D:2      | Reached skill level 1 in Stealth
  1009 | D:2      | Reached skill level 1 in Shields
  1009 | D:2      | Reached skill level 1 in Unarmed Combat
  1009 | D:2      | Reached skill level 1 in Spellcasting
  1009 | D:2      | Reached skill level 1 in Evocations
  1009 | D:2      | Reached XP level 4. HP: 41/41 MP: 5/5
  1335 | D:2      | Reached skill level 1 in Conjurations
  1335 | D:2      | Reached skill level 1 in Hexes
  1335 | D:2      | Reached skill level 1 in Summonings
  1335 | D:2      | Reached skill level 1 in Necromancy
  1335 | D:2      | Reached skill level 1 in Translocations
  1335 | D:2      | Reached skill level 1 in Transmutations
  1335 | D:2      | Reached skill level 1 in Fire Magic
  1335 | D:2      | Reached skill level 1 in Ice Magic
  1335 | D:2      | Reached skill level 1 in Air Magic
  1335 | D:2      | Reached skill level 1 in Earth Magic
  1335 | D:2      | Reached skill level 1 in Poison Magic
  1408 | D:3      | Reached XP level 5. HP: 44/47 MP: 6/6
  1551 | D:3      | Reached XP level 6. HP: 53/53 MP: 8/8
  2111 | D:4      | Reached skill level 5 in Armour
  2111 | D:4      | Reached skill level 5 in Dodging
  2298 | D:4      | Reached *** piety under Trog
  2419 | D:4      | Reached XP level 7. HP: 59/59 MP: 10/10
  3047 | D:5      | Entered Level 5 of the Dungeon
  3065 | D:5      | Found a staircase to the Ecumenical Temple.
  3098 | D:5      | Found a runed translucent door.
  3099 | D:5      | Noticed Crazy Yiuf
  3205 | D:5      | Blown up by an orc warrior

Illustrated notes

Levels and vault maps discovered:
D:1:      amcnicky_arrival_abandoned_market, layout_basic,
          ebering_ecumenical_altar_mist, minmay_unequal
D:2:      layout_rooms
D:3:      layout_rooms, serial_aquarium, aquarium_bridge_straight
          [aquarium_subvault_bridge, aquarium_subvault_window,
          aquarium_subvault_bridge, aquarium_subvault_window],
          aquarium_window_2, aquarium_window_1, aquarium_window_fake,
          aquarium_view_2d, aquarium_view_2d, aquarium_balcony_1a
D:4:      layout_basic, kennysheep_nondescript,
          minmay_fractal_squares_diagonal_5
D:5:      layout_cave_pools, nicolae_wu_jian_wuxing_cycle,
          minmay_temple_entry_overgrown, uniq_ijyb, uniq_eustachio,
          uniq_grinder, uniq_edmund, uniq_crazy_yiuf_cottage

Skill      XL: |  1  2  3  4  5  6  7 |
---------------+----------------------+-----
Invocations    | 1 2 3 |  3.0
Short Blades   | 1 2 |  2.6
Long Blades    | 1 2 |  2.6
Maces & Flails | 1 2 |  2.6
Polearms       | 1 2 |  2.6
Staves         | 1 2 |  2.6
Slings         | 1 2 |  2.6
Bows           | 1 2 |  2.6
Crossbows      | 1 2 |  2.6
Throwing       | 1 2 |  2.6
Stealth        | 1 2 |  2.6
Shields        | 1 2 |  2.6
Unarmed Combat | 1 2 |  2.6
Spellcasting   | 1 2 |  2.6
Evocations     | 1 2 |  2.6
Conjurations   | 1 2 |  2.1
Hexes          | 1 2 |  2.1
Summonings     | 1 2 |  2.1
Necromancy     | 1 2 |  2.1
Translocations | 1 2 |  2.1
Transmutations | 1 2 |  2.1
Fire Magic     | 1 2 |  2.1
Ice Magic      | 1 2 |  2.1
Air Magic      | 1 2 |  2.1
Earth Magic    | 1 2 |  2.1
Poison Magic   | 1 2 |  2.1
Armour         | 5 |  5.3
Dodging        | 5 |  5.3
Fighting       | 7 |  7.1
Axes           | 7 |  7.1

Action                   |  1- 3 |  4- 6 |  7- 9 || total
-------------------------+-------+-------+-------++-------
Melee: Hand axe          |    75 |   163 |    71 ||   309
       Bite              |     4 |    19 |     5 ||    28
       Punch             |       |     1 |     2 ||     3
 Fire: Hunting sling     |    52 |    56 |    12 ||   120
Invok: Berserk           |     1 |       |     1 ||     2
Armor: Animal skin       |    15 |       |       ||    15
       Ring mail         |     6 |    56 |    37 ||    99
Dodge: Dodged            |    55 |    93 |    56 ||   204
